 Dungeon Crawl Stone Soup version 0.29-a0-330-g52719c12eb (webtiles) character file.

Game seed: 12366684351630221391

5497 MalarOregon the Skirmisher (level 10, -5/85 HPs)
             Began as a Palentonga Hedge Wizard on Apr 17, 2022.
             Was a Follower of Qazlal.
             Slain by a cyan ugly thing (15 damage)
             ... on level 9 of the Dungeon.
             The game lasted 00:49:25 (15877 turns).

MalarOregon the Skirmisher (PaWz)                  Turns: 15877, Time: 00:49:26

Health: -5/85      AC: 15    Str: 16    XL:     10   Next: 42%
Magic:  19/19      EV:  7    Int: 16    God:    Qazlal [*.....]
Gold:   562        SH: 10    Dex: 10    Spells: 20/21 levels left

rFire   . . .      SeeInvis +   F - +0 war axe (elec) {axe}
rCold   . . .      Faith    .   v - +0 kite shield
rNeg    . . .      Spirit   .   A - +0 scale mail
rPois   .          Reflect  .   c - +0 hat
rElec   .          Harm     .   (no cloak)
rCorr   .          Rampage  .   n - +0 pair of gloves
Will    .....                   (no barding)
Stlth   ..........              (no amulet)
HPRegen 0.24/turn               (no ring)
MPRegen 0.16/turn               (no ring)

@: about to teleport, curled up
A: large, rugged brown scales 3, see invisible, deformed body, roll 1, armoured
tail, reflexive curl
a: Rolling Charge, Renounce Religion


You were on level 9 of the Dungeon.
You worshipped Qazlal.
Qazlal was aware of your devotion.
You visited 2 branches of the dungeon, and saw 10 of its levels.

You collected 604 gold pieces.
You spent 42 gold pieces at shops.


Innate Abilities, Weirdness & Mutations

You are completely covered in rugged brown scales. (AC +3, +7% HP)
You have supernaturally acute eyesight. (SInv)
Armour fits poorly on your strangely shaped body.
You can roll at nearby foes to attack.
You have a long armoured tail.
You curl defensively after being hit. (AC +7*)


   Skills:
 + Level 7.8 Fighting
 * Level 5.8 Axes
 + Level 5.0 Armour
 - Level 4.0 Dodging
 - Level 1.2 Stealth
 + Level 4.7 Shields
 + Level 6.4 Spellcasting
 - Level 0.8 Conjurations
 - Level 0.7 Summonings
 - Level 1.0 Translocations
 + Level 3.7 Invocations


You had 20 spell levels left.
You knew the following spells:

 Your Spells              Type           Power      Damage    Failure   Level
a - Magic Dart            Conj           28%        1d4       56%         1

Your spell library contained the following spells:

 Spells                   Type           Power      Damage    Failure   Level
 Beastly Appendage        Tmut           10%        N/A       69%         1
 Slow                     Hex            20%        N/A       69%         1
 Blink                    Tloc           16%        N/A       69%         2
 Searing Ray              Conj           14%        2d5       71%         2
 Call Imp                 Summ           7%         N/A       73%         2
 Corpse Rot               Necr/Air       10%        N/A       83%         2
 Ensorcelled Hibernation  Hex/Ice        10%        N/A       83%         2
 Poisonous Vapours        Pois/Air       10%        N/A       83%         2
 Wereblood                Tmut           5%         N/A       83%         2
 Lesser Beckoning         Tloc           8%         N/A       89%         3
 Conjure Flame            Conj/Fire      6%         6-21      94%         3
 Mephitic Cloud           Conj/Pois/Air  6%         N/A       95%         3
 Ozocubu's Armour         Ice            5%         N/A       96%         3
 Spider Form              Tmut/Pois      5%         N/A       96%         3
 Tukima's Dance           Hex            5%         N/A       96%         3
 Anguish                  Hex/Necr       2%         N/A       100%        4
 Fulminant Prism          Conj/Hex       3%         3d6       100%        4
 Passage of Golubria      Tloc           8%         N/A       100%        4
 Manifold Assault         Tloc           8%         N/A       100%        5
 Yara's Violent Unravell  Hex/Tmut       2%         3d3       100%        5
 Ozocubu's Refrigeration  Ice            2%         4d5       100%        7

Inventory:

Hand Weapons
 y - a +2 war axe of flaming {axe}
   (You took it off Maggie on level 9 of the Dungeon)
 F - a +0 war axe of electrocution (weapon) {axe}
   (You found it on level 6 of the Dungeon)
Missiles
 w - 14 poisoned darts (quivered) {throwing}
 H - 4 atropa-tipped darts {throwing}
Armour
 c - a +0 hat (worn)
 n - a +0 pair of gloves (worn)
   (You found it on level 1 of the Dungeon)
 v - a +0 kite shield (worn)
   (You found it on level 2 of the Dungeon)
 A - a +0 scale mail (worn)
   (You found it on level 4 of the Dungeon)
 I - a +0 leather armour
   (You took it off a gnoll shaman on level 9 of the Dungeon)
 K - a +0 leather armour
   (You found it on level 9 of the Dungeon)
Wands
 a - a wand of acid (2)
   (You found it on level 7 of the Dungeon)
 t - a wand of flame (10)
   (You found it on level 3 of the Dungeon)
 u - a wand of paralysis (2)
   (You found it on level 4 of the Dungeon)
 L - a wand of polymorph (8)
   (You found it on level 9 of the Dungeon)
Scrolls
 e - a scroll of vulnerability {unknown}
 f - a scroll of noise {unknown}
 g - 2 scrolls of teleportation {@r4}
 h - 4 scrolls of enchant weapon {unknown}
 i - 9 scrolls of identify {@r1}
 j - a scroll of amnesia {unknown}
 m - 2 scrolls of magic mapping {!r}
 o - 2 scrolls of torment {unknown}
 s - a scroll of immolation {unknown}
 z - 3 scrolls of fog {unknown}
 B - 2 scrolls of fear {unknown}
 E - a scroll of enchant armour {unknown}
 J - a scroll of blinking {unknown}
Potions
 b - 2 potions of cancellation
 d - 2 potions of magic
 k - 3 potions of mutation {!q}
 l - 3 potions of brilliance
 p - 2 potions of ambrosia
 q - 4 potions of curing {@q1}
 r - a potion of heal wounds {@q2}
 x - 3 potions of haste {@q3}
 D - 4 potions of attraction {unknown}
 G - a potion of flight {unknown}
 M - a potion of lignification {unknown}
 O - a potion of berserk rage {!q}

Dungeon Overview and Level Annotations

Branches:
Dungeon (9/15)             Temple (1/1) D:6
   Lair: D:8-11         Orc: D:9-12

Altars:
Ashenzari
Cheibriados
Dithmenos
Elyvilon
Fedhas
Gozag
Hepliaklqana
Kikubaaqudgha
Makhleb
Nemelex Xobeh
Okawaru
Qazlal
Ru
Sif Muna
Trog
Uskayaw
Vehumet
Wu Jian
Xom
Yredelemnul
Zin
The Shining One

Shops:
D:6 [(*

Annotations:
D:2 1 runed translucent door, Crazy Yiuf
D:9 Psyche

######## ###### .......# #....#
########
.......######.##.#####......#####
............(....................
................u...........#.#.#
...............#@...........#.#.#
..............................#.#
(.............................#.#
...............#.................
#######........#.............##.#
## #........................##.#
.# #........................##.#
.## #............###......##.#...
..###............'......####.#..#


You could see a cyan ugly thing (poisoned).


Message History

You kill the troll!
Qazlal accepts your kill. 😨 HP[+1] Unknown command.
You start resting. 😎 HP[+56]
Your hp is fully restored (85).
You climb downwards.
Level annotation: Psyche
There is a stone staircase leading up, spattered with blood here.
w - 17 poisoned darts {throwing} (gained 4)
You see here a +0 dagger {short}.
g - 3 scrolls of teleportation {@r4} (gained 1)
M - a murky dark potion
i - 9 scrolls of identify {@r1} (gained 1)
A cyan ugly thing comes into view.
The cyan ugly thing attacks as you move away!
The cyan ugly thing gores you!
The cyan ugly thing shocks you! 😮 HP[-25]
You take 25 damage, and now have 60/85 hp.
MASSIVE DAMAGE!! (PAUSE) 😮 HP[+1]
Okay, then.
Unknown command.
Unknown command.
Okay, then.
Unknown command.
Okay, then.
Unknown command.
Press: ? - help, v - describe, . - travel
Here: a cyan ugly thing The floor.
Cleave: F) +0 war axe (elec) {axe}
Press: ? - help, Dir - move target, f - cyan ugly thing
Aim: a cyan ugly thing (about 41% to evade your +0 war axe of electrocution)
Okay, then.
Throw: dart (curare) {!f}
Press: ? - help, Q - select action, (/) - cycle Shift-Dir - straight line, f - cyan ugly thing
Aim: a cyan ugly thing (59% to hit)
You throw a curare-tipped dart {!f}.
The curare-tipped dart {!f} hits the cyan ugly thing.
The cyan ugly thing is poisoned.
The cyan ugly thing convulses.
The cyan ugly thing seems to slow down.
You block the cyan ugly thing's attack.
Throw: 17 darts (poison) {throwing}
Press: ? - help, Q - select action, (/) - cycle Shift-Dir - straight line, f/p - cyan ugly thing
Aim: a cyan ugly thing (lightly wounded, very poisoned, slow, 59% to hit)
You throw a poisoned dart {throwing}.
The poisoned dart {throwing} hits the cyan ugly thing.
The cyan ugly thing looks even sicker. 😮 HP[+1]
There is an open door here. 😮 HP[+1] Throw: 16 darts (poison) {throwing}
Press: ? - help, Q - select action, (/) - cycle Shift-Dir - straight line, f/p - cyan ugly thing
Aim: a cyan ugly thing (lightly wounded, very poisoned, slow, 59% to hit)
You throw a poisoned dart {throwing}.
The poisoned dart {throwing} hits the cyan ugly thing.
The cyan ugly thing looks even sicker. 😕 HP[+1]
The cyan ugly thing is no longer moving slowly.
The cyan ugly thing attacks as you move away!
The cyan ugly thing barely misses you. 😕 HP[+1]
The cyan ugly thing attacks as you move away!
You block the cyan ugly thing's attack.
The cyan ugly thing attacks as you move away!
The cyan ugly thing closely misses you. 😕 HP[+1]
The cyan ugly thing completely misses you.
Throw: 15 darts (poison) {throwing}
Press: ? - help, Q - select action, (/) - cycle Shift-Dir - straight line, f/p - cyan ugly thing
Aim: a cyan ugly thing (moderately wounded, poisoned, 59% to hit)
You throw a poisoned dart {throwing}.
The poisoned dart {throwing} hits the cyan ugly thing.
The cyan ugly thing looks even sicker.
The cyan ugly thing gores you.
The cyan ugly thing shocks you! 😮 HP[-20]
You take 20 damage, and now have 46/85 hp.
MASSIVE DAMAGE!! (PAUSE) 😮 HP[+1]
The cyan ugly thing attacks as you move away!
The cyan ugly thing closely misses you.
The cyan ugly thing attacks as you move away!
The cyan ugly thing gores you!
* * * LOW HITPOINT WARNING * * *
The cyan ugly thing shocks you!
* * * LOW HITPOINT WARNING * * *
😱 HP[-26]
You take 26 damage, and now have 21/85 hp.
MASSIVE DAMAGE!! (PAUSE)
As you read the scroll of teleportation {@r4}, it crumbles to dust.
You feel strangely unstable.
The cyan ugly thing gores you but does no damage. 😨 HP[+1]
The cyan ugly thing attacks as you move away!
The cyan ugly thing gores you!
* * * LOW HITPOINT WARNING * * *
The cyan ugly thing shocks you!
You die...

Skill      XL: |  1  2  3  4  5  6  7  8  9 10 |
---------------+-------------------------------+-----
Fighting       | 1 2 3 4 5 6 7 |  7.8
Dodging        | 2 3 4 |  4.0
Armour         | 1 2 3 4 5 |  5.0
Shields        | 1 2 3 4 |  4.7
Spellcasting   | 4 5 6 |  6.4
Axes           | 1 4 5 |  5.8
Invocations    | 2 3 |  3.7
Stealth        | |  1.2
Conjurations   | |  0.8
Summonings     | |  0.7
Translocations | |  1.0

Action                   |  1- 3 |  4- 6 |  7- 9 | 10-12 || total
-------------------------+-------+-------+-------+-------++-------
Melee: Dagger            |   259 |   261 |   173 |       ||   693
       Tailslap          |    26 |    42 |    75 |    10 ||   153
       Punch             |     1 |       |       |       ||     1
       Flail             |       |       |    87 |       ||    87
       War axe           |       |       |   202 |    90 ||   292
Throw: Dart              |     3 |    16 |    39 |    11 ||    69
 Cast: Magic Dart        |    25 |     9 |       |       ||    34
 Abil: Rolling Charge    |     5 |     3 |     3 |       ||    11
Evoke: Wand              |       |       |    13 |     5 ||    18
  Use: Potion            |     1 |     1 |       |       ||     2
       Scroll            |       |    10 |     3 |     1 ||    14
 Stab: Paralysed         |       |       |    34 |       ||    34
Armor: Robe              |    35 |       |       |       ||    35
       Ring mail         |    87 |   132 |   190 |       ||   409
       Scale mail        |       |       |    75 |    58 ||   133
Dodge: Dodged            |   115 |    82 |   165 |    44 ||   406
Block: Kite shield       |       |    57 |   240 |    92 ||   389

Levels and vault maps discovered:
D:1:      scummos_arrival_checkerplants, layout_basic,
          minmay_misc_feat_more_columns, minmay_pentomino_v4
D:2:      minmay_razor_zed, layout_loops_cross, minmay_cupped,
          uniq_crazy_yiuf_cottage
D:3:      layout_basic, yredelemnul_altar_generic,
          hellmonk_ecumenical_altar_pennies_from_heaven,
          kennysheep_cluttered_room, minmay_misc_feat_four_crosses
D:4:      layout_rooms, grunt_ashenzari_visionary
          [grunt_ashenzari_visionary_swamp, grunt_ashenzari_visionary_snake],
          grunt_tough_drop
D:5:      layout_gridville, uniq_edmund
D:6:      layout_rooms, minmay_temple_entry_waves, serial_shops, shop,
          nicolae_shop_bloodbath_and_beyond, nicolae_shop_crystal,
          uniq_blork_the_orc
D:7:      layout_rooms, nicolae_gozag_cash_rules_everything_around_me,
          old_standard_altar
D:8:      layout_loops_cross, kennysheep_mini, lemuel_round_altar
D:9:      minmay_the_grid_triangle_9x9_recursive_2
          [minmay_the_grid_triangle_9x9_prize_center,
          minmay_the_grid_triangle_9x9_descending_squares,
          minmay_the_grid_triangle_9x9_checkered,
          minmay_the_grid_triangle_9x9_pentomino_pain], layout_basic,
          david_lair_shrubbed, uniq_psyche, uniq_maggie
Temple:   eino_temple_rhombus

Notes
Turn   | Place    | Note
-------+----------+-------------------------------------------
     0 | D:1      | MalarOregon the Palentonga Hedge Wizard began the quest for
                  | the Orb.
     0 | D:1      | Reached XP level 1. HP: 13/13 MP: 4/4
   294 | D:1      | Reached XP level 2. HP: 5/21 MP: 1/6
   319 | D:1      | Reached skill level 1 in Fighting
  1105 | D:1      | Reached XP level 3. HP: 18/27 MP: 0/7
  1596 | D:2      | Found a runed translucent door.
  1597 | D:2      | Noticed Crazy Yiuf
  1844 | D:2      | Reached skill level 2 in Dodging
  2050 | D:2      | Reached skill level 1 in Armour
  2155 | D:2      | Reached skill level 2 in Fighting
  2700 | D:2      | Reached XP level 4. HP: 26/35 MP: 9/9
  3578 | D:3      | Noticed a centaur
  3590 | D:3      | Killed a centaur
  3591 | D:3      | Reached XP level 5. HP: 13/42 MP: 10/10
  3786 | D:3      | Reached skill level 3 in Fighting
  4079 | D:3      | Found a basalt altar of Yredelemnul.
  4200 | D:3      | Found a faded altar of an unknown god.
  4737 | D:4      | Reached skill level 1 in Shields
  4750 | D:4      | Noticed a phantom
  4781 | D:4      | Killed a phantom
  4782 | D:4      | Reached XP level 6. HP: 27/50 MP: 11/11
  4952 | D:4      | Reached skill level 2 in Armour
  4969 | D:4      | Reached skill level 4 in Spellcasting
  5110 | D:4      | Reached skill level 4 in Fighting
  5390 | D:4      | Reached skill level 3 in Dodging
  5390 | D:4      | Gained mutation: You curl defensively after being hit. (AC
                  | +7*) [Palentonga growth]
  5390 | D:4      | Reached XP level 7. HP: 35/52 MP: 13/13
  5829 | D:4      | Reached skill level 2 in Shields
  6387 | D:4      | Found a broken altar of Ashenzari.
  6798 | D:5      | Entered Level 5 of the Dungeon
  7354 | D:5      | Reached skill level 5 in Fighting
  7807 | D:5      | Noticed Edmund
  7834 | D:5      | Killed Edmund
  7978 | D:5      | Reached skill level 3 in Armour
  7978 | D:5      | Reached XP level 8. HP: 67/67 MP: 13/15
  8155 | D:5      | magus.rc [v1.9.6]
  8708 | D:6      | Found a staircase to the Ecumenical Temple.
  8748 | D:6      | HP: 16/68 [gnoll/+0 club (4)]
  8790 | Temple   | Entered the Ecumenical Temple
  9293 | Temple   | Became a worshipper of Qazlal Stormbringer
  9316 | Temple   | Reached skill level 6 in Fighting
  9316 | Temple   | Reached skill level 5 in Spellcasting
  9479 | D:6      | Reached skill level 3 in Shields
  9537 | D:6      | Reached skill level 4 in Dodging
  9826 | D:6      | Reached skill level 1 in Axes
  9874 | D:6      | Found Aqigreyh's Weapon Shop.
  9975 | D:6      | Found Arazxik's Antique Armour Shoppe.
 10062 | D:6      | Found Joemakli's General Store.
 10065 | D:6      | You pick up a book of Vapours and begin reading...
 10065 | D:6      | You add the spells Poisonous Vapours and Corpse Rot to your
                  | library.
 10072 | D:6      | Bought a scroll of teleportation for 42 gold pieces
 10105 | D:6      | Noticed Blork the orc
 10113 | D:6      | Killed Blork the orc
 10406 | D:7      | Found an opulent altar of Gozag.
 10549 | D:7      | Found a snail-covered altar of Cheibriados.
 10645 | D:7      | Reached XP level 9. HP: 71/75 MP: 16/16
 10672 | D:7      | Reached skill level 2 in Axes
 11025 | D:7      | HP: 18/75 [steam dragon/ball of steam (17)]
 11534 | D:7      | Reached skill level 4 in Armour
 11557 | D:7      | You add the spells Tukima's Dance, Passage of Golubria and
                  | Yara's Violent Unravelling to your library.
 11560 | D:7      | You pick up a book of Dreams and begin reading...
 11742 | D:7      | Reached skill level 3 in Axes
 12028 | D:8      | Reached * piety under Qazlal
 12037 | D:8      | Reached skill level 1 in Invocations
 12316 | D:8      | Found a radiant altar of Vehumet.
 12562 | D:8      | Reached skill level 7 in Fighting
 12616 | D:8      | Found a glowing golden altar of the Shining One.
 12876 | D:7      | Reached skill level 4 in Axes
 12876 | D:7      | Reached skill level 4 in Shields
 12876 | D:7      | Reached skill level 2 in Invocations
 13560 | D:8      | Found a radiant altar of Vehumet.
 13733 | D:8      | Reached skill level 6 in Spellcasting
 13740 | D:8      | Reached XP level 10. HP: 31/84 MP: 19/19
 14206 | D:8      | Found a glowing golden altar of the Shining One.
 14332 | D:9      | Noticed Maggie
 14348 | D:8      | HP: 21/84 [poisoned by a killer bee]
 14353 | D:8      | HP: 12/84 [poisoned by a killer bee]
 14358 | D:8      | HP: 8/84 [poisoned by a killer bee]
 14687 | D:8      | Reached skill level 3 in Invocations
 14756 | D:8      | Reached skill level 5 in Axes
 14788 | D:9      | Killed Maggie
 14996 | D:9      | Noticed Psyche
 15126 | D:9      | HP: 20/83 [poisoned by Psyche (arc of chaos)]
 15131 | D:9      | HP: 14/83 [Psyche/chain of chaos (6)]
 15505 | D:9      | Paralysed by a hornet for 3 turns
 15513 | D:9      | Reached skill level 5 in Armour
 15831 | D:9      | Noticed a cyan ugly thing
 15875 | D:9      | HP: 21/85 [cyan ugly thing (14)]
 15877 | D:9      | HP: 10/85 [cyan ugly thing (12)]
 15877 | D:9      | Slain by a cyan ugly thing

Vanquished Creatures
  Maggie (D:9)
  An unseen horror (D:9)
  A troll (D:8)
  2 hornets (D:9)
  6 yaks
  3 steam dragons
  Edmund (D:5)
  A water moccasin (D:8)
  A sky beast (D:7)
  2 ice beasts
  An orc warrior (D:7)
  An ogre (D:4)
  2 black bears
  2 centaurs
  4 phantoms
  Blork the orc (D:6)
  3 kobold brigands
  2 necrophages
  2 bullfrogs
  A scorpion (D:6)
  3 killer bees (D:8)
  2 howler monkeys (D:8)
  3 hounds
  3 orc priests
  A jelly (D:7)
  4 gnoll shamans
  7 iguanas
  5 orc wizards
  3 adders
  17 gnolls
  2 shadow imps
  A white imp (D:5)
  2 ufetubi (D:4)
  6 worms
  7 dart slugs
  21 orcs
  8 endoplasms
  4 giant cockroaches
  8 hobgoblins
  7 jackals
  3 quokkas
  12 ball pythons
  8 bats
  5 frilled lizards
  10 goblins
  17 kobolds
  6 rats
213 creatures vanquished.

Vanquished Creatures (others)
  2 gnolls (D:9)
  2 fungi (D:4)
  3 plants (D:4)
7 creatures vanquished.

Grand Total: 220 creatures vanquished

Table legend:
 A = Non-vault XP
 B = Vault XP
 C = Vault XP percentage of total XP
 D = Non-vault monster count
 E = Vault monster count
 F = Vault count percentage of total count
                 A         B        C        D         E       F
            +---------+---------+-------+---------+---------+-------
      Total |    6009 |    1845 |  23.5 |     179 |      34 |  16.0
            +---------+---------+-------+---------+---------+-------
        D:1 |      44 |       3 |   6.4 |      22 |       3 |  12.0
        D:2 |      44 |      40 |  47.6 |      20 |      17 |  45.9
        D:3 |     148 |       0 |   0.0 |      16 |       0 |   0.0
        D:4 |     818 |      82 |   9.1 |      28 |       6 |  17.6
        D:5 |     393 |     164 |  29.4 |      12 |       1 |   7.7
        D:6 |     537 |      96 |  15.2 |      13 |       1 |   7.1
        D:7 |    1150 |       0 |   0.0 |      17 |       0 |   0.0
        D:8 |    2116 |     328 |  13.4 |      34 |       1 |   2.9
        D:9 |     493 |    1132 |  69.7 |       8 |       5 |  38.5
     Temple |     266 |       0 |   0.0 |       9 |       0 |   0.0
            +---------+---------+-------+---------+---------+-------

Illustrated notes

Table legend:
 A = Kills in this place as a percentage of kills in entire the game.
 B = Kills by you in this place as a percentage of kills by you in the entire game.
 C = Kills by friends in this place as a percentage of kills by friends in the entire game.
 D = Other kills in this place as a percentage of other kills in the entire game.
 E = Experience gained in this place as a percentage of experience gained in the entire game.
 F = Experience gained in this place divided by the number of levels of this place that you have seen.
                   A       B       C       D       E      F
               +-------+-------+-------+-------+-------+----------------------
         Total | 100.0 | 100.0 |   N/A |   N/A | 100.0 | 785.4
       Dungeon |  95.8 |  95.8 |   N/A |   N/A |  96.6 | 843.1
        Temple |   4.2 |   4.2 |   N/A |   N/A |   3.4 | 266.0
               +-------+-------+-------+-------+-------+----------------------

Table legend: (Time is in decaauts)
 A = Elapsed time spent in this place.
 B = Non-inter-level travel time spent in this place.
 C = Inter-level travel time spent in this place.
 D = Time resting spent in this place.
 E = Time spent auto-exploring this place.
 F = Levels seen in this place.
 G = Mean time per level.
                   A        B        C        D        E       F      G
               +--------+--------+--------+--------+--------+-----+--------+
         Total |  16135 |  15713 |    422 |   5914 |   6979 |  10 | 1613.5 |
       Dungeon |  15283 |  14896 |    387 |   5382 |   6794 |   9 | 1698.1 |
        Temple |    852 |    817 |     35 |    532 |    185 |   1 |  852.0 |
               +--------+--------+--------+--------+--------+-----+--------+

Top non-repeatable levels by time:
     D:8: 2784 daAuts
     D:4: 2371 daAuts
     D:7: 2085 daAuts
     D:2: 1769 daAuts
     D:1: 1544 daAuts
     D:3: 1533 daAuts
     D:5: 1503 daAuts
     D:9: 951 daAuts
  Temple: 852 daAuts
     D:6: 740 daAuts
